 Dungeon Crawl Stone Soup version 0.28.0-49-g6dfe1f597d (webtiles) character file.

Game seed: 14927509318163458607

94 greasedhog the Shield-Bearer (level 4, 0/35 HPs)
             Began as a Formicid Fighter on May 12, 2022.
             Killed from afar by an orc wizard (7 damage)
             ... with a puff of flame
             ... on level 3 of the Dungeon.
             The game lasted 00:02:17 (2955 turns).

greasedhog the Shield-Bearer (Formicid Fighter)     Turns: 2955, Time: 00:02:18

Health: 0/35       AC:  9    Str: 23    XL:     4   Next: 94%
Magic:  4/4        EV:  9    Int:  7    God:
Gold:   85         SH:  4    Dex: 10    Spells: 3/3 levels left

rFire   . . .      SeeInvis +   a - +0 flail
rCold   . . .      Faith    .   c - +0 buckler
rNeg    . . .      Spirit   .   b - +0 scale mail
rPois   .          Reflect  .   (helmet unavailable)
rElec   .          Harm     .   m - +1 cloak
rCorr   .          Rampage  .   (no gloves)
Will    .....                   (no boots)
Stlth   ..........              (no amulet)
HPRegen 0.11/turn               (no ring)
MPRegen 0.09/turn               (no ring)

@: no status effects
A: permanent stasis, dig shafts and tunnels, antennae 3, four strong arms
a: Dig, Shaft Self


You were on level 3 of the Dungeon.
You visited 1 branch of the dungeon, and saw 3 of its levels.

You collected 85 gold pieces.

Inventory:

Hand Weapons
 a - a +0 flail (weapon)
Armour
 b - a +0 scale mail (worn)
 c - a +0 buckler (worn)
 m - a +1 cloak (worn)
Scrolls
 f - a scroll of immolation {unknown}
 g - a scroll of enchant weapon {unknown}
 i - a scroll of torment {unknown}
 l - a scroll of enchant armour {unknown}
Potions
 d - a potion of might
 e - 2 potions of flight {unknown}
 h - a potion of invisibility {unknown}
 j - 3 potions of curing {unknown}
 k - 2 potions of cancellation {unknown}


   Skills:
 - Level 3.2 Fighting
 * Level 3.9 Maces & Flails
 - Level 3.2 Armour
 * Level 4.8 Shields


You had 3 spell levels left.
You didn't know any spells.
Your spell library was empty.

Dungeon Overview and Level Annotations

Branches:
Dungeon (3/15)

Altars:


Innate Abilities, Weirdness & Mutations

You cannot be hasted, slowed, berserked, paralysed or teleported.
You can dig through walls and to a lower floor.
You have a pair of large antennae on your head. (SInv)
Your four strong arms can wield two-handed weapons with a shield.


Message History

A frilled lizard is nearby!
You sock the frilled lizard!
You kill the frilled lizard!
Found 3 gold pieces.
You now have 85 gold pieces (gained 3).
j - 3 fizzy yellow potions (gained 1)
The orc wizard shouts!
The orc wizard casts a spell at you.
The puff of flame hits you but does no damage.
An orc wizard is nearby!
An orc wizard is nearby!
An orc wizard is nearby!
The orc shouts!
The orc wizard hits you but does no damage.
The orc priest shouts!
You hit the orc wizard but do no damage.
The orc wizard closely misses you.
The orc priest mumbles some strange prayers to Beogh against you.
Beogh smites you!
The orc wizard hits you but does no damage.
You completely miss the orc wizard. The orc wizard barely misses you.
The orc priest calls down the wrath of Beogh upon you.
Beogh smites you! The orc wizard casts a spell at you.
You are confused.
You bump into the rock wall.
The orc priest looks satisfied for a moment.
The orc wizard barely misses you.
The orc wizard gestures at you while chanting.
The puff of flame misses you.
You feel less confused.
The orc priest invokes the aid of Beogh against you.
Pain shoots through your body!
* * * LOW HITPOINT WARNING * * *
Things that are here:
7 poisoned darts; a +0 club The orc wizard points at you and mumbles some strange words.
The puff of flame hits you!
You die...

#.##########..# ##### #.#
#......##.# #...##
#######.###......##.###.#...
..........#......##..#....#
..........#......###.....##
..........#.>>...##.....###
..........#.......<.......#
..........#......)..>.###.##
..........#@.....###..# #...
####..###...#.#.......######
##..|#(###.#.#####..# #
###..o#.....# ##.# #
##o.#{...### #.## #
#......### #..#### #...##.#
##..... #...##.# ####...###
#.....#.#..# ##......# #


You could see an orc priest and an orc wizard.

Vanquished Creatures
  An iguana (D:3)
  2 adders (D:3)
  A worm (D:2)
  A dart slug (D:1)
  2 orcs
  7 ball pythons
  3 bats (D:1)
  6 endoplasms
  2 giant cockroaches
  2 goblins
  2 hobgoblins
  2 quokkas (D:2)
  3 frilled lizards
  5 kobolds
  3 rats
42 creatures vanquished.

Notes
Turn   | Place    | Note
-------+----------+-------------------------------------------
     0 | D:1      | greasedhog the Formicid Fighter began the quest for the
                  | Orb.
     0 | D:1      | Reached XP level 1. HP: 18/18 MP: 1/1
   324 | D:1      | Found a faded altar of an unknown god.
   374 | D:1      | Reached skill level 4 in Shields
   416 | D:1      | Reached XP level 2. HP: 18/24 MP: 2/2
  1117 | D:2      | Reached XP level 3. HP: 26/29 MP: 3/3
  2240 | D:3      | Reached XP level 4. HP: 28/35 MP: 4/4
  2955 | D:3      | Killed from afar by an orc wizard

Illustrated notes

Levels and vault maps discovered:
D:1:      amcnicky_arrival_underground_garden, layout_rooms,
          shapermc_ecumenical_altar_starsandcircs, kennysheep_minor_cross
D:2:      layout_basic
D:3:      layout_rooms

Skill      XL: |  1  2  3 |
---------------+----------+-----
Shields        | 4 |  4.8
Maces & Flails | 3 |  3.9
Fighting       | |  3.2
Armour         | |  3.2

Action                   |  1- 3 |  4- 6 || total
-------------------------+-------+-------++-------
Melee: Flail             |   125 |    43 ||   168
Armor: Scale mail        |    62 |    27 ||    89
Dodge: Dodged            |    68 |    19 ||    87
Block: Buckler           |    30 |     7 ||    37
